AoeStats
← Ragekablak

Arabia

509656880Analyzed
1v1 RM · 6d ago on Sep 27, 2026· 35m 12s· 2 players
Game mode
Random Map
Map size
Tiny (2 player)
Population
200
Speed
Normal
Resources
Standard
Victory
Conquest
Starting age
Dark Age
Ending age
Imperial Age
RankedLock teamsTeams togetherTeam positionsShared explorationLock speedFull tech treeHidden civsTurbo modeCheats
Victory
Defeat
🇪🇸 Goths · Spain
591
+12
🇫🇷 Teutons · France
494
-12
Ragekablak
2:27 Loom
13:44 Feudal Age
14:45 Double-Bit Axe
23:17 Fletching
24:45 Horse Collar
30:31 Castle Age
31:35 Heavy Plow
35:05 Stone Mining
35:28 Bow Saw
VI Dave IV
2:14 Loom
11:01 Feudal Age
12:03 Double-Bit Axe
12:13 Gold Mining
12:51 Horse Collar
15:21 Man-at-Arms
20:24 Wheelbarrow
20:25 Forging
23:22 Castle Age
23:03 Stone Mining
23:46 Scale Mail Armor
24:48 Squires
26:54 Bow Saw
27:23 Padded Archer Armor
28:15 Elite Skirmisher
29:16 Heavy Plow
32:06 Fletching
32:46 Hand Cart
38:15 Imperial Age
Connection lost

Rejoining the realm…

Still unreachable

The connection could not be restored.

Session expired

The server has moved on; the page needs a fresh start.